 Dungeon Sprint DCSS version 0.31-a0-977-gc230f8ef24 (webtiles) character file.

Game seed: 16381957258622526952

3722 Conn the Destroyer (level 10, -4/56 HPs)
             Began as an Octopode Fire Elementalist on Oct 29, 2023.
             Was an Elder of Sif Muna.
             Engulfed by a cloud of flame (19 damage)
             ... in the Dungeon (Sprint II: "The Violet Keep of Menkaure").
             The game lasted 00:14:15 (893 turns).

Conn the Destroyer (Octopode Fire Elementalist)      Turns: 893, Time: 00:14:15

Health: -4/56      AC:  5    Str:  8    XL:     10   Next: 14%
Magic:  1/25       EV: 33    Int: 22    God:    Sif Muna [****..]
Gold:   896        SH:  0    Dex: 18    Spells: 18/31 levels left

rFire   . . .        (no weapon)
rCold   + . .        (no shield)
rNeg    + . .        (helmet restricted)
rPois   .            w - amulet of the acrobat
rElec   .            k - +6 ring of dexterity
rCorr   .            m - ring of protection from cold
SInv    .            u - +4 ring of protection
Will    +....        s - ring of positive energy
Stlth   +++++        (no ring)
HPRegen 0.29/turn    (no ring)
MPRegen 0.19/turn    (no ring)
                     (no ring)

%: no teleportation, acrobat
@: acrobatic, enlightened, flying
A: almost no armour, amphibious, 8 rings, camouflage 1, gelatinous body 1,
nimble swimmer 1, tentacles
a: Renounce Religion, Channel Magic, Forget Spell, Divine Exegesis


You were in the Dungeon.
You worshipped Sif Muna.
Sif Muna was greatly pleased with you.
You visited 1 branch You collected 896 gold pieces.

Inventory:

Missiles
 z - 2 atropa-tipped darts (quivered)
Armour
 y - an orb of energy
Jewellery
 k - a +6 ring of dexterity (left tentacle)
 m - a ring of protection from cold (right tentacle)
 q - an amulet of guardian spirit
 s - a ring of positive energy (on tentacle)
 u - a +4 ring of protection (on tentacle)
 w - an amulet of the acrobat (around mantle)
Talismans
 r - a flux talisman
Scrolls
 e - a scroll of fog {unknown}
 h - a scroll of revelation {unknown}
 j - 4 scrolls of identify {unknown}
 p - 2 scrolls of amnesia {unknown}
 v - a scroll of poison {unknown}
Potions
 a - 5 potions of magic
 b - a potion of curing
 d - 2 potions of enlightenment
 g - 2 potions of might {unknown}
 i - a potion of invisibility {unknown}
 l - a potion of degeneration {unknown}
 n - a potion of attraction {unknown}
 o - 2 potions of resistance
 t - a potion of lignification {unknown}
 x - a potion of brilliance {unknown}


   Skills:
 + Level 8.6 Dodging
 - Level 5.0 Stealth
 * Level 11.0 Spellcasting
 * Level 11.7 Conjurations
 + Level 8.8 Fire Magic
 - Level 3.0 Earth Magic
 * Level 10.2 Invocations
 - Level 5.0 Shapeshifting


You had 18 spell levels left.
You knew the following spells:

 Your Spells              Type           Power      Damage    Failure   Level
a - Foxfire               Conj/Fire      100%       2x1d9     1%          1
b - Scorch                Fire           100%       2d9       1%          2
c - Inner Flame           Hex/Fire       31%        N/A       2%          3
d - Flame Wave            Conj/Fire      55%        2d13      1%          4
e - Stone Arrow           Conj/Erth      88%        3d12      1%          3

Your spell library contained the following spells:

 Spells                   Type           Power      Damage    Failure   Level
 Volatile Blastmotes      Fire/Tloc      62%        2d15      2%          3
 Lehudib's Crystal Spear  Conj/Erth      22%        10d6      100%        8
 Chain Lightning          Conj/Air       18%        3d24      100%        9
 Fire Storm               Conj/Fire      27%        8d7       100%        9
 Shatter                  Erth           12%        3d13*     100%        9
 Animate Armour           Summ/Erth      Unusable   N/A       N/A         4

Dungeon Overview and Level Annotations

Branches:
Dungeon (1/1)

Altars:
Cheibriados
Dithmenos
Elyvilon
Fedhas
Gozag
Hepliaklqana
Kikubaaqudgha
Makhleb
Nemelex Xobeh
Okawaru
Qazlal
Ru
Sif Muna
Trog
Uskayaw
Vehumet
Wu Jian
Xom
Yredelemnul
Zin
The Shining One
Jiyva
Lugonu

Shops:
D !

Annotations:
D Kirke, Roxanne


Innate Abilities, Weirdness & Mutations

You cannot wear most types of armour.
You are amphibious.
You can wear up to eight rings at the same time.
Your skin changes colour to match your surroundings (Stealth+).
Your rubbery body absorbs attacks. (AC +1, EV +1)
You are camouflaged when in or above water. (Stealth+)
You have tentacles for arms and can constrict up to eight enemies at once.


Message History

Casting: Flame Wave (dangerous; 1% risk of failure)
Confirm with . or Enter, or press ? or * to list all spells.
Aiming: Inner Flame (dangerous; 2% risk of failure)
Press: ? - help, Dir - move target, f - wyvern, p - centaur warrior
Aim: a wyvern (moderately wounded, chance to affect: 84%)
The wyvern is filled with an inner flame.
The lava snake hisses angrily.
A centaur warrior opens the gate. 3 lava snakes come into view.
Casting: Inner Flame (dangerous; 2% risk of failure)
Confirm with . or Enter, or press ? or * to list all spells.
Casting: Flame Wave (dangerous; 1% risk of failure)
Press: ? - help, Dir - look around, f - activate A wave of flame ripples out!
The flame wave engulfs the elephant!
The elephant is heavily wounded. (Press . to intensify the flame waves.)
You are engulfed in blazing flames.
* * * LOW HITPOINT WARNING * * *
The lava snake hisses angrily. x3
The lava snake spits lava at you. The glob of lava misses you.
The lava snake spits lava at you. The glob of lava misses you.
The lava snake spits lava at you. The glob of lava misses you.
A wave of flame ripples out!
The flame wave engulfs the elephant!
The elephant is heavily wounded.
The flame wave engulfs the centaur warrior!
The centaur warrior is moderately wounded.
The flame wave engulfs the lava snake.
The lava snake completely resists.
The flame wave engulfs the wyvern!!
Sif Muna accepts your kill.
You can now call upon Sif Muna to cast any spell from your library.
The wyvern explodes!
The fiery explosion engulfs the centaur warrior!!
The centaur warrior is severely wounded.
The fiery explosion engulfs the elephant!!
The elephant is almost dead.
You are engulfed in blazing flames.
You die...

.#~#...##.##.# #.(#
#..#.. .+ #$+.<†+#
+..####..##. #.m.##.###
#....###..)# ##. ##'#
##......~~~~÷ #
##..#####~~.....~#'##
#..##.#~~§~§§§..~#_._
##.#.##~~~§~~~§.~#._.
#~~##'##§~~≈≈§§~§~~#_._
#~§○○@Y§~~~≈≈§§§~~#._.
#+++#°c§#~≈≈≈≈§≈§§#.._
≈S≈○°○##§≈§###≈§#...
≈○≈≈○°☼≈S##§§# #§§#...
+≈§≈○§○○○☼S°+≈≈#+#≈§#...
##≈≈○○°○○○S##≈≈≈§≈≈≈####
##≈≈°§○○§## #######~~~
####+#### ...z###~##
.z..z##~#


You could see an elephant, a centaur warrior and 4 lava snakes.

Vanquished Creatures
  A yaktaur captain (D)
  2 deep trolls (D)
  A kobold demonologist (D)
  A yaktaur (D)
  3 polar bears (D)
  A hornet (D)
  A wyvern (D)
  5 water moccasins (D)
  4 necrophages (D)
  3 worms (D)
22 creatures vanquished.

Vanquished Creatures (others)
  Menkaure (D)
  53 foxfires (D)
  8 tentacles (D)
62 creatures vanquished.

Grand Total: 84 creatures vanquished

Notes
Turn   | Place    | Note
-------+----------+-------------------------------------------
     0 | D        | Conn the Octopode Fire Elementalist began the quest for the
                  | Orb.
     0 | D        | Reached XP level 1. HP: 11/11 MP: 3/3
     2 | D        | Noticed a merfolk siren
     5 | D        | Noticed a necrophage
     5 | D        | Noticed a necrophage
     5 | D        | Noticed a necrophage
     5 | D        | Noticed a necrophage
    11 | D        | Killed a necrophage
    12 | D        | Reached XP level 2. HP: 17/17 MP: 0/7
    12 | D        | Reached XP level 3. HP: 21/21 MP: 0/8
    12 | D        | Reached XP level 4. HP: 27/27 MP: 0/10
    17 | D        | Killed a necrophage
    18 | D        | Reached skill level 5 in Stealth
    18 | D        | Reached skill level 5 in Spellcasting
    18 | D        | Reached skill level 5 in Conjurations
    18 | D        | Reached XP level 5. HP: 31/31 MP: 0/12
    24 | D        | Reached skill level 5 in Fire Magic
    28 | D        | Reached skill level 5 in Dodging
    28 | D        | Reached XP level 6. HP: 36/36 MP: 1/15
    38 | D        | Learned a level 2 spell: Scorch
    43 | D        | Learned a level 4 spell: Flame Wave
    47 | D        | Learned a level 3 spell: Inner Flame
    49 | D        | Killed Menkaure
    51 | D        | Noticed a neqoxec
    94 | D        | Found an opulent altar of Gozag.
    94 | D        | Found an iron altar of Okawaru.
    95 | D        | Found a sparkling altar of Nemelex Xobeh.
    95 | D        | Found a blossoming altar of Fedhas.
    96 | D        | Found a radiant altar of Vehumet.
    96 | D        | Found a burning altar of Makhleb.
    96 | D        | Found a white marble altar of Elyvilon.
    96 | D        | Noticed a water moccasin
    97 | D        | Found a hide-covered altar of Uskayaw.
    97 | D        | Found a corrupted altar of Lugonu.
    97 | D        | Found a shadowy altar of Dithmenos.
    99 | D        | Killed a water moccasin
   101 | D        | Found a glowing silver altar of Zin.
   101 | D        | Found a bloodstained altar of Trog.
   101 | D        | Found an ancient bone altar of Kikubaaqudgha.
   101 | D        | Found a snail-covered altar of Cheibriados.
   102 | D        | Found a basalt altar of Yredelemnul.
   102 | D        | Found a shimmering blue altar of Sif Muna.
   102 | D        | Found a viscous altar of Jiyva.
   103 | D        | Found a shimmering altar of Xom.
   103 | D        | Found a sacrificial altar of Ru.
   105 | D        | Found a glowing golden altar of the Shining One.
   105 | D        | Found an ornate altar of the Wu Jian Council.
   105 | D        | Found a stormy altar of Qazlal.
   105 | D        | Found a hazy altar of Hepliaklqana.
   109 | D        | Noticed a water moccasin
   110 | D        | Noticed a water moccasin
   113 | D        | Became a worshipper of Sif Muna the Loreminder
   126 | D        | Noticed a water moccasin
   127 | D        | Noticed a kraken
   267 | D        | Learned a level 3 spell: Stone Arrow
   394 | D        | Killed a water moccasin
   395 | D        | Reached skill level 1 in Earth Magic
   395 | D        | Reached skill level 1 in Shapeshifting
   396 | D        | Killed a water moccasin
   397 | D        | Reached XP level 7. HP: 41/41 MP: 10/18
   447 | D        | Noticed a yaktaur
   447 | D        | Noticed a hornet
   447 | D        | Noticed a polar bear
   447 | D        | Noticed a polar bear
   447 | D        | Noticed a polar bear
   457 | D        | Killed a polar bear
   457 | D        | Reached * piety under Sif Muna
   457 | D        | Killed a polar bear
   457 | D        | Killed a yaktaur
   458 | D        | Reached XP level 8. HP: 23/46 MP: 2/20
   458 | D        | Killed a polar bear
   458 | D        | Reached ** piety under Sif Muna
   459 | D        | HP: 1/46 [cloud of steam (13)]
   467 | D        | Killed a hornet
   477 | D        | Reached skill level 10 in Conjurations
   477 | D        | Reached XP level 9. HP: 16/51 MP: 10/22
   508 | D        | Noticed a deep troll
   512 | D        | Noticed a deep troll
   524 | D        | Killed a deep troll
   525 | D        | Reached skill level 10 in Spellcasting
   610 | D        | Killed a deep troll
   610 | D        | Reached *** piety under Sif Muna
   611 | D        | Reached skill level 5 in Shapeshifting
   796 | D        | Noticed Roxanne
   860 | D        | Found Cuujybba's Distillery.
   860 | D        | Noticed Kirke
   860 | D        | Noticed a yaktaur captain
   860 | D        | Noticed a kobold demonologist
   861 | D        | Noticed a skeletal warrior
   862 | D        | Noticed an elephant
   865 | D        | Noticed a centaur warrior
   870 | D        | Killed a kobold demonologist
   872 | D        | Killed a yaktaur captain
   873 | D        | Reached skill level 10 in Invocations
   873 | D        | Reached XP level 10. HP: 22/56 MP: 5/25
   893 | D        | Reached **** piety under Sif Muna
   893 | D        | Engulfed by a cloud of flame

Illustrated notes

Levels and vault maps discovered:
D:        the_violet_keep_of_menkaure [sprint2_stairs_cluster_1,
          sprint2_shoproom, sprint2_temple, sprint2_basic_supplies,
          sprint2_obstacle_5, sprint2_obstacle_1, sprint2_obstacle_6,
          sprint2_obstacle_2, sprint2_obstacle_4, sprint2_timed_cluster_1,
          sprint2_smallroom_cluster_1, sprint2_smallroom_final_cluster_1,
          sprint2_transparent_cluster_1, sprint2_second_timed_cluster_1,
          sprint2_sniper_area_1, sprint2_heavy_combat_area_1,
          sprint2_mutation_trap_area_1, sprint2_forest_area_1,
          sprint2_light_combat_area_1, sprint2_behind_water_1,
          sprint2_near_end_vault_1]

Skill      XL: |  1  2  3  4  5  6  7  8  9 |
---------------+----------------------------+-----
Dodging        | 3 4 5 6 7 8 |  8.6
Stealth        | 4 5 |  5.0
Spellcasting   | 4 5 6 7 8 9 11 | 11.0
Conjurations   | 3 5 6 7 9 10 11 | 11.7
Fire Magic     | 4 5 6 7 8 |  8.8
Earth Magic    | 2 3 |  3.0
Invocations    | 3 6 7 10 | 10.2
Shapeshifting  | 1 3 4 5 |  5.0

Action                     |  1- 3 |  4- 6 |  7- 9 | 10-12 || total
---------------------------+-------+-------+-------+-------++-------
  Melee: Unarmed           |     1 |    19 |       |       ||    20
         Tentacles         |     1 |     6 |       |       ||     7
         Constrict         |       |     5 |       |       ||     5
  Throw: Dart              |       |     2 |     1 |     1 ||     4
   Cast: Foxfire           |     2 |     7 |    22 |       ||    31
         Scorch            |       |     3 |    10 |       ||    13
         Flame Wave        |       |       |     4 |     1 ||     5
         Inner Flame       |       |       |     8 |     1 ||     9
    Use: Potion            |     2 |       |     5 |       ||     7
         Scroll            |       |     1 |       |       ||     1
 Armour: Skin              |     1 |     6 |    16 |     3 ||    26
  Dodge: Dodged            |       |    10 |    20 |     7 ||    37

Table legend: (Time is in decaauts)
 A = Elapsed time spent in this place.
 B = Non-inter-level travel time spent in this place.
 C = Inter-level travel time spent in this place.
 D = Time resting spent in this place.
 E = Time spent auto-exploring this place.
 F = Levels seen in this place.
 G = Mean time per level.
                   A        B        C        D        E       F      G
               +--------+--------+--------+--------+--------+-----+--------+
         Total |    881 |    881 |      0 |    397 |      0 |   1 |  881.0 |
       Dungeon |    881 |    881 |      0 |    397 |      0 |   1 |  881.0 |
               +--------+--------+--------+--------+--------+-----+--------+

Top non-repeatable levels by time:
       D: 881 daAuts
